 Dungeon Crawl Stone Soup version 0.17-a0-1646-geb1493d (webtiles) character file.

137 LilCorpsy the Sneak (level 5, 0/45 HPs)
             Began as a Naga Assassin on Aug 11, 2015.
             Slain by a kobold
             ... wielding a +0 dagger
              (1 damage)
             ... on level 3 of the Dungeon.
             The game lasted 00:07:20 (3420 turns).

LilCorpsy the Sneak (Naga Assassin)                 Turns: 3420, Time: 00:07:21

Health: 0/45       AC:  3    Str: 13    XL:     5   Next: 20%
Magic:  5/5        EV:  4    Int: 15    God:
Gold:   111        SH:  0    Dex: 13    Spells: 0 memorised, 4 levels left

rFire  . . .     SeeInvis +     r - +0 short sword (venom)
rCold  . . .     Clarity  .     c - +0 robe
rNeg   . . .     SustAt   +     (no shield)
rPois  +         Gourm    .     (no helmet)
rElec  .         Spirit   .     d - +0 cloak
rCorr  .         Warding  .     (no gloves)
rMut   .         Stasis   .     (no barding)
MR     .....                    (no amulet)
Stlth  ++++......               n - ring of sustain attributes
                                j - +3 ring of intelligence

@: very slow, not resistant to hostile enchantments, stealthy
A: see invisible, deformed body, poison resistance, slowness 2, slow metabolism
1, spit poison 2, AC +1
a: Spit Poison


You were on level 3 of the Dungeon.
You were not hungry.

You visited 1 branch of the dungeon, and saw 3 of its levels.

You collected 111 gold pieces.

Inventory:

Hand weapons
 a - a +3 dagger
 b - a +0 blowgun
 r - a +0 short sword of venom (weapon)
Missiles
 e - 37 poisoned needles
 f - 2 curare-tipped needles
Armour
 c - a +0 robe (worn)
 d - a +0 cloak (worn)
Jewellery
 j - a +3 ring of intelligence (left hand)
 n - a ring of sustain attributes (right hand)
Magical devices
 t - a wand of fire (10)
Scrolls
 i - a scroll of identify
 o - 2 scrolls of magic mapping
 s - a scroll of amnesia
 v - a scroll of fear
 w - a scroll of blinking
Potions
 g - a potion of curing
 h - a potion of mutation
 m - a potion of flight
 q - a potion of heal wounds {unknown}
Comestibles
 k - 3 fruits
 l - a meat ration
 p - 2 bread rations
 u - a slice of pizza


   Skills:
 - Level 2.0 Fighting
 * Level 4.0 Short Blades
 - Level 1.7 Throwing
 - Level 0.7 Dodging
 * Level 7.8 Stealth


You had 4 spell levels left.
You didn't know any spells.

Dungeon Overview and Level Annotations

Branches:
Dungeon (3/15)

Altars:
Gozag
Zin


Innate Abilities, Weirdness & Mutations

You cannot wear boots.
Your serpentine skin is tough (AC +1).
You have supernaturally acute eyesight.
Armour fits poorly on your strangely shaped body.
Your system is resistant to poisons.
You cover ground very slowly.
You have a slow metabolism.
You can spit poison.


Message History

The orc hits you from afar with a trident!
You barely miss the kobold. The kobold hits you with a dagger.
You miss the kobold.
The orc hits you from afar with a trident!
You barely miss the kobold. The kobold closely misses you.
The orc hits you from afar with a trident.
* * * LOW HITPOINT WARNING * * *
The kobold hits you with a dagger.
* * * LOW HITPOINT WARNING * * *
The kobold closely misses you.
The orc hits you from afar with a trident.
* * * LOW HITPOINT WARNING * * *
The kobold hits you but does no damage. The kobold hits you but does no damage.
The kobold misses you.
There is a stone staircase leading down here.
The orc hits you from afar with a trident.
* * * LOW HITPOINT WARNING * * *
The kobold hits you with a dagger.
You die...

.o......w( ....###.# .........#
..#...#.# .........# #.#.#.#.#
#.# .........# #.#.#.#.# #.#
########.# #.#.#.#.#######.# #g#
#.#.#.#.#.....#.#
#.###.#.#.#.#.###.#.#
#######.#...............#.#
...........oK@..#.#.#####.###
......#.#.#g#.###....)......#
..###.#.#...#.......#####.#.#
#.#.##############....#.#
########'.................####†#
........#....#.....#####..# #.#
........#....#.....# #..# #.#
♣....♣..#....#..(..# #..# #.#
........# ...'.....# #..# #.#


You could see an orc, a hobgoblin and a kobold.

Vanquished Creatures
  An orc priest (D:3)
  An adder (D:3)
  2 oozes (D:3)
  3 worms
  A giant gecko (D:1)
  6 orcs
  4 bats
  8 giant cockroaches
  12 goblins
  6 hobgoblins
  A quokka (D:2)
  2 giant newts
  6 jackals
  6 kobolds
  23 rats
82 creatures vanquished.

Notes
Turn   | Place    | Note
--------------------------------------------------------------
     0 | D:1      | LilCorpsy the Naga Assassin began the quest for the Orb.
     0 | D:1      | Reached XP level 1. HP: 19/19 MP: 1/1
    32 | D:1      | Reached skill level 6 in Stealth
   137 | D:1      | Reached XP level 2. HP: 24/26 MP: 2/2
   638 | D:1      | Reached XP level 3. HP: 22/32 MP: 3/3
   888 | D:2      | Found an opulent altar of Gozag.
  1748 | D:2      | Reached skill level 7 in Stealth
  2072 | D:2      | Reached XP level 4. HP: 37/39 MP: 4/4
  2753 | D:2      | Found a glowing silver altar of Zin.
  2947 | D:3      | Reached XP level 5. HP: 31/45 MP: 5/5
  3398 | D:3      | Noticed a phantom
  3420 | D:3      | HP: 1/45 [orc/trident (6)]
  3420 | D:3      | Slain by a kobold

Vault maps used:
D:1:      ncdulo_halloftheorcs
D:2:      overflow_temple_1_default, nicolae_overflow_hidden_temple,
          minmay_rat_hole
D:3:      kennysheep_pointless_box

Action                   |  1- 3 |  4- 6 || total
-------------------------+-------+-------++-------
Melee: Dagger            |   167 |    62 ||   229
       Short sword       |       |    40 ||    40
 Abil: Spit Poison       |       |     3 ||     3
  Use: Scroll            |     7 |     1 ||     8
       Potion            |     2 |       ||     2
 Stab: Sleeping          |     9 |     3 ||    12
       Distracted        |     1 |       ||     1
  Eat: Pizza             |     1 |       ||     1
       Bread ration      |       |     1 ||     1
